 Dungeon Sprint DCSS version 0.28-a0-239-g68911e0c57 (webtiles) character file.

Game seed: 5616994479145287822

710 MikeHunt the Cleaver (level 7, -1/55 HPs)
             Began as a Palentonga Fighter on Aug 23, 2021.
             Was a Believer of Okawaru.
             Slain by a snapping turtle (19 damage)
             ... in the Dungeon (Sprint VII: "The Pits").
             The game lasted 00:01:57 (631 turns).

MikeHunt the Cleaver (Palentonga Fighter)            Turns: 631, Time: 00:01:57

Health: -1/55      AC: 16    Str: 19    XL:     7   Next: 40%
Magic:  9/12       EV:  7    Int:  9    God:    Okawaru [**....]
Gold:   0          SH: 10    Dex: 11    Spells: 6/6 levels left

rFire   . . .      SeeInvis +   a - +0 war axe
rCold   . . .      Faith    .   c - +0 kite shield
rNeg    . . .      Spirit   .   l - +3 scale mail
rPois   .          Reflect  .   (no helmet)
rElec   .          Harm     .   (no cloak)
rCorr   .          Rampage  .   (no gloves)
Will    .....      NoTele   +   (no barding)
Stlth   ..........              (no amulet)
HPRegen 0.18/turn               (no ring)
MPRegen 0.13/turn               (no ring)

@: curled up
A: large, rugged brown scales 3, see invisible, deformed body, roll 1, armoured
tail, reflexive curl
a: Rolling Charge, Renounce Religion, Heroism


You were in the Dungeon.
You worshipped Okawaru.
Okawaru was pleased with you.
You visited 1 branch

Inventory:

Hand Weapons
 a - a +0 war axe (weapon)
Armour
 b - a +0 scale mail
 c - a +0 kite shield (worn)
 l - a +3 scale mail (worn)
Scrolls
 j - a scroll of blinking
Potions
 d - a potion of might
 e - 6 potions of curing
 f - 5 potions of heal wounds
 g - a potion of haste
 h - 4 potions of magic
 k - 2 potions of invisibility


   Skills:
 - Level 3.0 Fighting
 + Level 10.7 Axes
 - Level 2.4 Armour
 - Level 9.0 Shields
 + Level 7.6 Invocations


You had 6 spell levels left.
You didn't know any spells.
Your spell library was empty.

Dungeon Overview and Level Annotations

Branches:
Dungeon (1/1)

Altars:
Ashenzari
Cheibriados
Dithmenos
Elyvilon
Fedhas
Gozag
Hepliaklqana
Kikubaaqudgha
Makhleb
Nemelex Xobeh
Okawaru
Qazlal
Ru
Sif Muna
Trog
Uskayaw
Vehumet
Wu Jian
Xom
Yredelemnul
Zin
The Shining One
Beogh
Jiyva
Lugonu


Innate Abilities, Weirdness & Mutations

You are completely covered in rugged brown scales. (AC +3, +7% HP)
You have supernaturally acute eyesight. (SInv)
Armour fits poorly on your strangely shaped body.
You can roll at nearby foes to attack.
You have a long armoured tail.
You curl defensively after being hit.


Message History

You are covered in liquid flames!
You closely miss the smoke demon. You tail-slap the smoke demon.
The smoke demon is heavily wounded.
You are covered in liquid flames!
You hit the smoke demon.
The smoke demon is heavily wounded.
You are covered in liquid flames!
You are no longer on fire.
The smoke demon hits you but does no damage. x2
The smoke demon barely misses you.
You hit the smoke demon.
The smoke demon is severely wounded.
The smoke demon gestures at you. You block the sticky flame.
The snapping turtle barely misses you.
You slash the smoke demon!
You kill the smoke demon!
Okawaru is honoured by your kill.
Base training target 9.0 for Shields reached!
Your base Axes skill increases to level 10!
Your base Shields skill increases to level 9!
Your Invocations skill gained 2 levels and is now at level 7!
You have reached level 7!
You now curl defensively after being hit.
You block the snapping turtle's attack.
You slash the snapping turtle!
The snapping turtle is severely wounded.
The snapping turtle barely misses you.
You barely miss the snapping turtle.
The snapping turtle is severely wounded.
The snapping turtle bites you.
You slash the snapping turtle!
The snapping turtle is almost dead.
The snapping turtle bites you!
Your scale mail prevents you from hitting the snapping turtle.
The snapping turtle is almost dead.
You hit the snapping turtle.
The snapping turtle is almost dead.
You feel like a meek peon again. The snapping turtle bites you!!
You die...

#.#........##.......#
#.#####'#####...<...#
#)#...)))[.##.......#
#)#...)))..##.......#
#'###########.......#
#(†.....#.. #########
#..#.#..#.# ####
#.##.##.#.#....#
#....@t.#†#....#
#.##.##.#†3.t..+
#..#.#.t#§#
#.......†.#
###########


You could see a snapping turtle.

Vanquished Creatures
  A smoke demon (D)
  A snapping turtle (D)
  A kobold brigand (D)
  A scorpion (D)
  A jelly (D)
  An iguana (D)
  An adder (D)
  2 river rats (D)
  2 orcs (D)
  3 giant cockroaches (D)
  2 hobgoblins (D)
  4 jackals (D)
  A kobold (D)
  2 quokkas (D)
  2 bats (D)
  A goblin (D)
26 creatures vanquished.

Notes
Turn   | Place    | Note
-------+----------+-------------------------------------------
     0 | D        | MikeHunt the Palentonga Fighter began the quest for the
                  | Orb.
     0 | D        | Reached XP level 1. HP: 19/19 MP: 1/1
    18 | D        | Found a bloodstained altar of Trog.
    18 | D        | Found a shimmering blue altar of Sif Muna.
    18 | D        | Found a viscous altar of Jiyva.
    18 | D        | Found a hazy altar of Hepliaklqana.
    18 | D        | Found an opulent altar of Gozag.
    19 | D        | Found a glowing golden altar of the Shining One.
    19 | D        | Found a glowing silver altar of Zin.
    19 | D        | Found a basalt altar of Yredelemnul.
    19 | D        | Found a shimmering altar of Xom.
    19 | D        | Found an ornate altar of the Wu Jian Council.
    19 | D        | Found a sacrificial altar of Ru.
    19 | D        | Found a stormy altar of Qazlal.
    19 | D        | Found an iron altar of Okawaru.
    19 | D        | Found a sparkling altar of Nemelex Xobeh.
    19 | D        | Found a burning altar of Makhleb.
    19 | D        | Found a blossoming altar of Fedhas.
    19 | D        | Found a white marble altar of Elyvilon.
    19 | D        | Found a shadowy altar of Dithmenos.
    19 | D        | Found a snail-covered altar of Cheibriados.
    20 | D        | Found a radiant altar of Vehumet.
    20 | D        | Found a corrupted altar of Lugonu.
    21 | D        | Found an ancient bone altar of Kikubaaqudgha.
    21 | D        | Found a hide-covered altar of Uskayaw.
    21 | D        | Found a broken altar of Ashenzari.
    25 | D        | Became a worshipper of Warmaster Okawaru
    57 | D        | Reached skill level 3 in Axes
    73 | D        | Reached XP level 2. HP: 22/25 MP: 2/2
   115 | D        | Reached skill level 4 in Axes
   117 | D        | Reached XP level 3. HP: 18/31 MP: 3/3
   327 | D        | Noticed a kobold brigand
   332 | D        | Noticed a scorpion
   344 | D        | Killed a kobold brigand
   345 | D        | Reached skill level 6 in Axes
   345 | D        | Reached skill level 5 in Shields
   345 | D        | Reached XP level 4. HP: 28/37 MP: 4/4
   347 | D        | Killed a scorpion
   347 | D        | Reached * piety under Okawaru
   348 | D        | Reached skill level 7 in Axes
   348 | D        | Reached XP level 5. HP: 33/43 MP: 5/5
   350 | D        | Reached skill level 8 in Axes
   499 | D        | Noticed a snapping turtle
   509 | D        | Killed a snapping turtle
   509 | D        | Reached ** piety under Okawaru
   510 | D        | Reached skill level 9 in Axes
   510 | D        | Reached XP level 6. HP: 50/50 MP: 5/9
   554 | D        | Reached skill level 5 in Invocations
   601 | D        | Noticed a snapping turtle
   602 | D        | Noticed a smoke demon
   625 | D        | Killed a smoke demon
   626 | D        | Reached skill level 10 in Axes
   626 | D        | Gained mutation: You curl defensively after being hit.
                  | [Palentonga growth]
   626 | D        | Reached XP level 7. HP: 34/55 MP: 9/12
   631 | D        | Slain by a snapping turtle

Illustrated notes

Levels and vault maps discovered:
D:        pitsprint [storerooms_1, entrance_room_1, metal_vault_2, armoury_2,
          mini_pit_1, grid_room_1, main_hall_1, silver_pit, the_coven_1,
          the_vestibule_1, steel_vault_4, golden_pit, hallway_of_sentries,
          crystal_vault_5, iron_vault_3, final_vault]

Skill      XL: |  1  2  3  4  5  6 |
---------------+-------------------+-----
Axes           | 3 4 6 7 9 10 | 10.7
Shields        | 3 4 5 6 8 9 |  9.0
Invocations    | 4 7 |  7.6
Fighting       | |  3.0
Armour         | |  2.4

Action                   |  1- 3 |  4- 6 |  7- 9 || total
-------------------------+-------+-------+-------++-------
Melee: War axe           |    42 |    41 |     5 ||    88
       Tailslap          |     4 |     5 |       ||     9
Invok: Heroism           |       |     1 |       ||     1
  Use: Potion            |     2 |     2 |       ||     4
Armor: Scale mail        |    27 |    13 |       ||    40
Dodge: Dodged            |    17 |    10 |     1 ||    28
Block: Kite shield       |    18 |    13 |     1 ||    32

Table legend: (Time is in decaauts)
 A = Elapsed time spent in this place.
 B = Non-inter-level travel time spent in this place.
 C = Inter-level travel time spent in this place.
 D = Time resting spent in this place.
 E = Time spent auto-exploring this place.
 F = Levels seen in this place.
 G = Mean time per level.
                   A        B        C        D        E       F      G
               +--------+--------+--------+--------+--------+-----+--------+
         Total |    679 |    679 |      0 |    418 |      0 |   1 |  679.0 |
       Dungeon |    679 |    679 |      0 |    418 |      0 |   1 |  679.0 |
               +--------+--------+--------+--------+--------+-----+--------+

Top non-repeatable levels by time:
       D: 679 daAuts
